 Dungeon Crawl Stone Soup version 0.30-a0-359-gd0147acb1a (webtiles) character file.

Game seed: 9524732644865403848

10633 Maxmaps the Martial Artist (level 11, -3/92 HPs)
             Began as an Octopode Monk on Nov 11, 2022.
             Was an Initiate of Gozag.
             Slain by an orc knight
             ... wielding the +7 war axe "Poppy" {flame, *Noise Int+4}
              (8 damage)
             ... on level 10 of the Dungeon.
             The game lasted 00:14:55 (10340 turns).

Maxmaps the Martial Artist (Octopode Monk)         Turns: 10340, Time: 00:14:56

Health: -3/92      AC:  8    Str: 11    XL:     11   Next: 65%
Magic:  18/18      EV: 19    Int: 23    God:    Gozag
Gold:   689        SH:  0    Dex: 20    Spells: 10/20 levels left

rFire   x . .      SeeInvis +      - Unarmed
rCold   + + +      Faith    .    (shield currently unavailable)
rNeg    . . .      Spirit   .    (helmet currently unavailable)
rPois   +          Reflect  .    (no amulet)
rElec   .          Harm     .    b - +6 ring of dexterity
rCorr   .          Rampage  .    j - ring of see invisible
Will    .....                    n - +6 ring of intelligence
Stlth   ++........               q - +4 ring of evasion
HPRegen 0.35/turn                (no ring)
MPRegen 0.16/turn                (no ring)
                                 (no ring)
                                 (no ring)

@: ice-form, gold aura, on berserk cooldown, slowed, very slow
A: freezing attack, boosted hp, almost no armour, amphibious, 8 rings, large,
(camouflage 1), (gelatinous body 1), (nimble swimmer 1), (tentacles)
a: End Transformation, Renounce Religion, Potion Petition, Call Merchant, Bribe
Branch


You were on level 10 of the Dungeon.
You worshipped Gozag.
Gozag was pleased with you.
You were a creature of crystalline ice.
You visited 2 branches of the dungeon, and saw 11 of its levels.

You collected 1523 gold pieces.
You spent 130 gold pieces at shops.
You paid 704 gold pieces to Gozag.

Inventory:

Missiles
 e - a throwing net (quivered)
Jewellery
 b - a +6 ring of dexterity (left front paw)
 j - a ring of see invisible (right front paw)
 n - a +6 ring of intelligence (on tentacle)
 q - a +4 ring of evasion (on tentacle)
Scrolls
 d - 2 scrolls of immolation
 h - 3 scrolls of noise
 i - 4 scrolls of teleportation
 l - a scroll of vulnerability
 m - 4 scrolls of magic mapping
 r - 3 scrolls of enchant weapon
 s - a scroll of torment
 t - a scroll of fear
 u - a scroll of butterflies
 v - 5 scrolls of identify
Potions
 a - 6 potions of ambrosia
 c - a potion of mutation
 f - 2 potions of magic
 g - a potion of curing
 p - a potion of might


   Skills:
 - Level 8.1 Fighting
 - Level 8.3 Dodging
 - Level 2.6 Stealth
 - Level 10.1 Unarmed Combat
 - Level 5.0 Spellcasting
 - Level 5.2 Transmutations
 - Level 5.2 Ice Magic
 + Level 6.5 Poison Magic


You had 10 spell levels left.
You knew the following spells:

 Your Spells              Type           Power      Damage    Failure   Level
a - Ice Form              Ice/Tmut       29%        N/A       11%         4
b - Spider Form           Tmut/Pois      32%        N/A       2%          3
c - Swiftness             Air            5%         N/A       28%         3

Your spell library contained the following spells:

 Spells                   Type           Power      Damage    Failure   Level
 Sting                    Tmut/Pois      100%       1d8       1%          1
 Poisonous Vapours        Pois/Air       40%        N/A       3%          2
 Ensorcelled Hibernation  Hex/Ice        34%        N/A       4%          2
 Passwall                 Tmut/Erth      14%        N/A       4%          2
 Olgreb's Toxic Radiance  Pois           35%        N/A       6%          4
 Slow                     Hex            20%        N/A       10%         1
 Summon Small Mammal      Summ           20%        N/A       10%         1
 Hailstorm                Conj/Ice       17%        3d6       10%         3
 Call Canine Familiar     Summ           5%         N/A       28%         3
 Confusing Touch          Hex            5%         N/A       28%         3
 Gell's Gravitas          Tloc           5%         N/A       28%         3
 Lesser Beckoning         Tloc           10%        N/A       28%         3
 Summon Guardian Golem    Hex/Summ       5%         N/A       28%         3
 Teleport Other           Tloc           5%         N/A       28%         3
 Vampiric Draining        Necr           5%         2d6       28%         3
 Anguish                  Hex/Necr       2%         N/A       67%         4
 Simulacrum               Ice/Necr       Unusable   N/A       N/A         6

Dungeon Overview and Level Annotations

Branches:
Dungeon (10/15)            Temple (1/1) D:6             Orc (0/2) D:10
   Lair: D:8-11

Altars:
Ashenzari
Cheibriados
Dithmenos
Elyvilon
Fedhas
Gozag
Hepliaklqana
Kikubaaqudgha
Makhleb
Nemelex Xobeh
Okawaru
Qazlal
Ru
Sif Muna
Trog
Uskayaw
Vehumet
Wu Jian
Xom
Yredelemnul
Zin
The Shining One

Shops:
D:5 ?   D:10 ?[

Annotations:
D:8 3 runed translucent doors, Sweetruy1997's ghost, novice HOMo
D:10 exclusion: 2 death yaks


Innate Abilities, Weirdness & Mutations

You are a creature of crystalline ice.
You have a powerful freezing melee attack.
Your maximum health is increased.
Your armour is entirely melded.
You are incapable of wielding weapons or throwing items.
You cannot wear most types of armour.
You are amphibious.
You can wear up to eight rings at the same time.
((Your skin changes colour to match your surroundings (Stealth+).))
((Your rubbery body absorbs attacks. (AC +1, EV +1)))
((You are camouflaged when in or above water. (Stealth+)))
((You have tentacles for arms and can constrict up to eight enemies at once.))


Message History

You punch the manticore! You freeze the manticore.
The manticore is no longer distracted by gold.
The manticore is severely wounded.
The manticore is engulfed in blazing flames.
The manticore bites you! The manticore closely misses you.
The manticore misses you. The orc knight closely misses you.
You punch the manticore! You freeze the manticore.
You kill the manticore!
You barely miss the orc knight.
The orc knight hits you with the +7 war axe "Poppy" {flame, *Noise Int+4}!!
* * * LOW HITPOINT WARNING * * *
The orc knight melts you!
* * * LOW HITPOINT WARNING * * *
You punch the orc knight!
The orc knight is lightly wounded.
You hit the orc knight.
The orc knight is moderately wounded.
The orc knight is distracted by your dazzling golden aura.
You barely miss the orc knight.
The orc knight is no longer distracted by gold.
The orc knight is moderately wounded.
The orc knight hits you with the +7 war axe "Poppy" {flame, *Noise Int+4}!
* * * LOW HITPOINT WARNING * * *
The orc knight melts you.
* * * LOW HITPOINT WARNING * * *
You hit the orc knight but do no damage.
The orc knight is lightly wounded.
You pummel the orc knight!! You freeze the orc knight.
The orc knight is heavily wounded.
The orc knight completely misses you.
You hit the orc knight. You freeze the orc knight.
The orc knight is heavily wounded.
You hit the orc knight.
The orc knight is severely wounded.
You are no longer berserk.
You are exhausted.
You feel yourself slow down.
The orc knight hits you with the +7 war axe "Poppy" {flame, *Noise Int+4}!
You die...
Your body crumbles into a pile of gold.

.# $ # .# .#
# ## #### .##
# # ##..###
..# # +#
##.##..## #.#
#
#.##$#####.#
#.# #
#o#.##..#.#
##.# # .Y.K⌠
#Y## ##.##
##'.# # .##.O
#$##
#.#..##.#.###
## #.#
#.#####.#....
# $ #'#
##..##.##....
...
###..##..###
# ...
####...... .
..# #...#...
.# .#
#...#... .
#...#...


You could see an orc knight.

Vanquished Creatures
  3 hydras (D:10)
  Harold (D:9)
  A manticore (shapeshifter) (D:10)
  A manticore (D:10)
  Maggie (D:9)
  A gargoyle (D:10)
  The ghost of Bediveer the Conjurer, a novice DrCj (D:4)
  An efreet (D:10)
  A freezing wraith (D:10)
  A queen bee (D:9)
  A troll (D:10)
  Sigmund (D:4)
  A wraith (D:6)
  4 vampire mosquitoes (D:10)
  2 steam dragons (D:9)
  Duvessa (D:4)
  A water moccasin (D:6)
  An ice beast (D:5)
  3 sky beasts
  4 black bears
  3 orc warriors
  An ogre (D:7)
  A boggart (D:10)
  A centaur (D:8)
  2 kobold brigands
  5 bullfrogs
  4 gnoll sergeants
  2 scorpions
  2 necrophages
  Dowan (D:4)
  4 wights
  28 killer bees (D:9)
  A howler monkey (D:3)
  5 hounds
  4 jellies
  An orc priest (D:8)
  Crazy Yiuf (D:3)
  7 iguanas
  Natasha (thrice) (D:4)
  4 orc wizards
  15 gnolls
  5 adders
  2 white imps (D:5)
  3 ufetubi (D:5)
  3 worms
  A dart slug (D:1)
  22 orcs
  4 bats
  An endoplasm (D:2)
  4 giant cockroaches
  5 goblins
  9 hobgoblins
  3 jackals (D:2)
  15 kobolds
  3 quokkas
  8 ball pythons
  4 frilled lizards
  3 rats
221 creatures vanquished.

Notes
Turn   | Place    | Note
-------+----------+-------------------------------------------
     0 | D:1      | Maxmaps the Octopode Monk began the quest for the Orb.
     0 | D:1      | Reached XP level 1. HP: 16/16 MP: 1/1
   121 | D:1      | Reached XP level 2. HP: 18/21 MP: 2/2
   477 | D:2      | Reached XP level 3. HP: 23/27 MP: 3/3
   676 | D:2      | Identified the +2 mace of Poengese {vorpal, rElec rC+ Str-3
                  | Stlth+}
  1163 | D:3      | Reached XP level 4. HP: 34/34 MP: 4/4
  1302 | D:3      | Found a runed translucent door.
  1303 | D:3      | Noticed Crazy Yiuf
  1444 | D:3      | Reached skill level 5 in Fighting
  1577 | D:3      | Reached XP level 5. HP: 34/39 MP: 5/5
  1847 | D:3      | Killed Crazy Yiuf
  2049 | D:4      | Noticed Dowan
  2056 | D:4      | Noticed Duvessa
  2191 | D:4      | Noticed a black bear
  2199 | D:4      | Killed Duvessa
  2200 | D:4      | Reached XP level 6. HP: 42/47 MP: 6/6
  2211 | D:4      | Killed Dowan
  2216 | D:4      | Killed a black bear
  2492 | D:4      | Noticed Natasha
  2497 | D:4      | Killed Natasha
  2547 | D:4      | Found a large runed translucent door.
  2547 | D:4      | Found a large runed translucent door.
  2549 | D:4      | Noticed Bediveer's ghost (novice DrCj)
  2611 | D:4      | Noticed Natasha
  2617 | D:4      | Killed Natasha
  2618 | D:4      | Reached XP level 7. HP: 54/54 MP: 7/7
  2657 | D:4      | Noticed Natasha
  2663 | D:4      | Killed Natasha
  2736 | D:4      | Found an ancient bone altar of Kikubaaqudgha.
  2911 | D:4      | Noticed Sigmund
  2917 | D:4      | Killed Sigmund
  2918 | D:4      | Reached skill level 4 in Unarmed Combat
  3029 | D:4      | Killed Bediveer's ghost
  3030 | D:4      | Reached skill level 6 in Unarmed Combat
  3030 | D:4      | Reached XP level 8. HP: 60/60 MP: 8/8
  3098 | D:5      | Entered Level 5 of the Dungeon
  3131 | D:5      | Reached skill level 7 in Unarmed Combat
  3329 | D:5      | Found Sokk's Magic Scroll Emporium.
  3335 | D:5      | Bought 3 scrolls of identify for 78 gold pieces
  3335 | D:5      | Bought a scroll of identify for 26 gold pieces
  3335 | D:5      | Bought a scroll of identify for 26 gold pieces
  3376 | D:5      | Identified the +3 chain mail of Grace {rN+ Will+}
  3841 | D:5      | Reached skill level 5 in Dodging
  4027 | D:5      | Found a blossoming altar of Fedhas.
  4335 | D:6      | Found a staircase to the Ecumenical Temple.
  4463 | Temple   | Entered the Ecumenical Temple
  4581 | Temple   | Became a worshipper of Gozag Ym Sagoz the Greedy
  4612 | D:6      | Found a bloodstained altar of Trog.
  4630 | D:6      | Reached XP level 9. HP: 53/64 MP: 9/9
  6402 | D:7      | Reached skill level 8 in Unarmed Combat
  6614 | D:7      | Found a white marble altar of Elyvilon.
  6831 | D:7      | Found a shadowy altar of Dithmenos.
  7005 | D:8      | Noticed Sweetruy1997's ghost (novice HOMo)
  7179 | D:8      | Reached skill level 9 in Unarmed Combat
  7179 | D:8      | Reached XP level 10. HP: 72/72 MP: 10/10
  7185 | D:8      | Found a runed translucent gate.
  7185 | D:8      | Found a runed translucent gate.
  7189 | D:8      | Identified the +9 plate armour of Duca {rF+ Str-3 SInv}
  7190 | D:8      | Found a runed translucent gate.
  7619 | D:8      | Learned a level 4 spell: Ice Form
  8261 | D:9      | Noticed Maggie
  8268 | D:9      | Reached skill level 10 in Unarmed Combat
  8294 | D:9      | Killed Maggie
  8741 | D:9      | Identified the +8 dagger of Fedhas's Pride {chaos, Contam
                  | rPois Str+4 Stlth+}
  8885 | D:9      | Reached skill level 1 in Transmutations
  9281 | D:9      | Reached skill level 5 in Transmutations
  9448 | D:9      | Reached skill level 1 in Ice Magic
  9448 | D:9      | Noticed Harold
  9460 | D:9      | Killed Harold
  9461 | D:9      | Reached XP level 11. HP: 33/77 MP: 11/16
  9777 | D:10     | Entered Level 10 of the Dungeon
  9794 | D:10     | Reached skill level 5 in Ice Magic
  9871 | D:10     | Noticed a death yak
  9872 | D:10     | Noticed a death yak
  9878 | D:10     | Noticed a two-headed ogre
 10036 | D:10     | Found Fauciw's Magic Scroll Emporium.
 10102 | D:10     | Found a staircase to the Orcish Mines.
 10184 | D:10     | Noticed a four-headed hydra
 10189 | D:10     | Killed a four-headed hydra
 10255 | D:10     | Reached skill level 5 in Spellcasting
 10298 | D:10     | Learned a level 3 spell: Spider Form
 10302 | D:10     | Learned a level 3 spell: Swiftness
 10303 | D:10     | Noticed an eight-headed hydra
 10307 | D:10     | Killed an eight-headed hydra
 10309 | D:10     | Noticed a five-headed hydra
 10320 | D:10     | Noticed a manticore
 10322 | D:10     | a jumping spider changed into a manticore
 10322 | D:10     | Noticed a manticore (shapeshifter)
 10323 | D:10     | Killed a five-headed hydra
 10324 | D:10     | Reached skill level 5 in Poison Magic
 10326 | D:10     | Killed a manticore
 10330 | D:10     | Identified the +7 war axe "Poppy" {flame, *Noise Int+4}
 10330 | D:10     | Noticed an orc knight
 10332 | D:10     | Killed a manticore
 10340 | D:10     | Slain by an orc knight

Illustrated notes

Levels and vault maps discovered:
D:1:      lemuel_arrival_river_ford, layout_rooms
D:2:      layout_loops_ring, kennysheep_generic_room_16
D:3:      layout_loops_ring, uniq_crazy_yiuf_cottage
D:4:      layout_loops_ring, mainiacjoe_overflow_tiny_flanked,
          ebering_ghost_disaster_area, small_statue_intersection,
          kennysheep_small_circle, uniq_sigmund, uniq_natasha, uniq_duvessa
D:5:      layout_rooms, old_standard_altar, serial_shops, shop,
          grunt_ministairs_9, lightli_minifort
D:6:      layout_basic, temple_doors_cd, minmay_ruined_shrine
D:7:      layout_basic, grunt_dithmenos_smoke_and_mirrors, elyvilon_altar_1
D:8:      layout_gridville, biasface_ghost_orc_armoury
D:9:      layout_roguey [special_room_bee], uniq_maggie, uniq_harold
D:10:     minmay_the_grid_octo_tiled_squarecenter [minmay_the_grid_octo_empty,
          minmay_the_grid_octo_clover_2, minmay_the_grid_octo_chip,
          minmay_the_grid_octo_fan_narrow,
          minmay_the_grid_square_5x5_megaprize_checkered,
          minmay_the_grid_square_5x5_detours,
          minmay_the_grid_square_5x5_one_wall,
          minmay_the_grid_square_5x5_tetrominoes,
          minmay_the_grid_square_5x5_eight_small], layout_stronghold,
          dpeg_lair_monsters, serial_shops, shop_coins
Temple:   nicolae_temple_two_arcs

Skill      XL: |  1  2  3  4  5  6  7  8  9 10 11 |
---------------+----------------------------------+-----
Fighting       | 4 5 6 7 8 |  8.1
Unarmed Combat | 6 7 9 10 | 10.1
Dodging        | 6 8 |  8.3
Spellcasting   | 3 5 |  5.0
Transmutations | 5 |  5.2
Ice Magic      | 3 5 |  5.2
Poison Magic   | 6 |  6.5
Stealth        | |  2.6

Action                   |  1- 3 |  4- 6 |  7- 9 | 10-12 || total
-------------------------+-------+-------+-------+-------++-------
Melee: Unarmed           |    73 |    69 |   269 |   305 ||   716
       Constrict         |    21 |    15 |    55 |    23 ||   114
       Tentacles         |    13 |    13 |    84 |    35 ||   145
       Punch             |     1 |     4 |    23 |    17 ||    45
 Cast: Ice Form          |       |       |       |     7 ||     7
Invok: Potion Petition   |       |       |       |     1 ||     1
       Call Merchant     |       |       |       |     1 ||     1
  Use: Scroll            |       |     7 |    10 |     2 ||    19
       Potion            |       |     4 |     2 |     9 ||    15
 Stab: Sleeping          |    13 |     6 |    14 |     2 ||    35
       Distracted        |       |       |     3 |     2 ||     5
Armor: Skin              |     1 |    80 |    14 |    42 ||   137
Dodge: Dodged            |    40 |    46 |   245 |   275 ||   606

Table legend: (Time is in decaauts)
 A = Elapsed time spent in this place.
 B = Non-inter-level travel time spent in this place.
 C = Inter-level travel time spent in this place.
 D = Time resting spent in this place.
 E = Time spent auto-exploring this place.
 F = Levels seen in this place.
 G = Mean time per level.
                   A        B        C        D        E       F      G
               +--------+--------+--------+--------+--------+-----+--------+
         Total |  10227 |   9927 |    300 |   3127 |   4935 |  11 |  929.7 |
       Dungeon |   9957 |   9657 |    300 |   3001 |   4850 |  10 |  995.7 |
        Temple |    270 |    270 |      0 |    126 |     85 |   1 |  270.0 |
               +--------+--------+--------+--------+--------+-----+--------+

Top non-repeatable levels by time:
     D:6: 1769 daAuts
     D:9: 1342 daAuts
     D:5: 1170 daAuts
     D:7: 1077 daAuts
     D:3: 1033 daAuts
     D:8: 964 daAuts
     D:4: 925 daAuts
     D:2: 662 daAuts
    D:10: 541 daAuts
     D:1: 470 daAuts
  Temple: 270 daAuts
